 Dungeon Crawl Stone Soup version 0.31.0-11-ge490571c62 (webtiles) character file.

Game seed: 17053172859273779583

269 qw the Skirmisher (level 6, -1/34 HPs)
             Began as a Deep Elf Hunter on Feb 3, 2024.
             Incinerated by a bombardier beetle (3 damage)
             ... with a burning spray
             ... on level 3 of the Dungeon.
             The game lasted 00:00:06 (1561 turns).

qw the Skirmisher (Deep Elf Hunter)                 Turns: 1561, Time: 00:00:07

Health: -1/34      AC:  3    Str: 10    XL:     6   Next: 1%
Magic:  8/8        EV: 13    Int: 14    God:
Gold:   70         SH:  0    Dex: 18    Spells: 5/5 levels left

rFire   . . .        a - +0 shortbow
rCold   . . .        (shield currently unavailable)
rNeg    . . .        c - +0 leather armour
rPois   +            (no helmet)
rElec   .            (no cloak)
rCorr   +            (no gloves)
SInv    .            (no boots)
Will    .....        (no amulet)
Stlth   +            g - ring of resist corrosion
HPRegen 0.25/turn    h - ring of poison resistance
MPRegen 0.11/turn

%: no passive effects
@: on fire, glowing
A: no striking features
a: no special abilities


You were on level 3 of the Dungeon.
You visited 1 branch of the dungeon, and saw 3 of its levels.

You collected 70 gold pieces.


   Skills:
 + Level 1.5 Fighting
 - Level 9.2 Ranged Weapons
 - Level 3.3 Dodging
 - Level 1.2 Stealth


You had 5 spell levels left.
You didn't know any spells.
Your spell library was empty.

Inventory:

Hand Weapons
 a - a +0 shortbow (weapon)
Armour
 c - a +0 leather armour (worn)
 d - a +2 robe of willpower
Jewellery
 g - a ring of resist corrosion (left hand)
 h - a ring of poison resistance (right hand)
Potions
 b - 2 potions of cancellation
 e - a potion of invisibility {unknown}
 f - a potion of curing {unknown}

Dungeon Overview and Level Annotations

Branches:
Dungeon (3/15)

Altars:


Message History

The bombardier beetle sprays incendiary fluid at you.
The burning spray hits you.
You are covered in liquid fire!
You shoot an arrow. The arrow hits the bombardier beetle.
The bombardier beetle is lightly wounded.
The liquid fire burns you!
You shoot an arrow.
The arrow closely misses the bombardier beetle.
The liquid fire burns you!
You shoot an arrow. The arrow hits the bombardier beetle!
The bombardier beetle is severely wounded.
The liquid fire burns you! The bombardier beetle misses you.
You shoot an arrow. The arrow hits the bombardier beetle.
The bombardier beetle is severely wounded.
The liquid fire burns you!
You shoot an arrow.
The arrow closely misses the bombardier beetle.
The liquid fire burns you!
The bombardier beetle sprays incendiary fluid at you.
The burning spray hits you.
You are even more covered in liquid fire!
You shoot an arrow. The arrow hits the bombardier beetle.
The bombardier beetle is severely wounded.
The liquid fire burns you!
You shoot an arrow.
The arrow hits the bombardier beetle but does no damage.
The bombardier beetle is severely wounded.
The liquid fire burns you!
The bombardier beetle sprays incendiary fluid at you.
The burning spray hits you.
You are even more covered in liquid fire!
You shoot an arrow. The arrow hits the bombardier beetle!
You kill the bombardier beetle!
The liquid fire burns you!
Your Dodging skill increases to level 3!
You have reached level 6!
You are on fire!
The liquid fire burns you!
You die...

###......# ##.... ## >
#.....^# ..... .#.
#......# ....
!#..####......# ...
....%....####### ..
.#######..)..... .#.#
######### # #%.#
###### #. ##@# ##.....
#..####..# #..####
##.......## #.##
......).## ##.#
......#.###########..#
......#.............##
##### #.....?...#####
#.........#
#.........#


There were no monsters in sight!

Vanquished Creatures
  Sigmund (D:3)
  A bombardier beetle (D:3)
  An adder (D:2)
  2 dart slugs
  A ribbon worm (D:2)
  4 endoplasms
  A giant cockroach (D:2)
  5 goblins
  A hobgoblin (D:2)
  12 jackals
  3 quokkas
  12 ball pythons
  5 bats
  3 frilled lizards
  3 kobolds
  6 rats
61 creatures vanquished.

Notes
Turn   | Place    | Note
-------+----------+-------------------------------------------
     0 | D:1      | qw the Deep Elf Hunter began the quest for the Orb.
     0 | D:1      | Reached XP level 1. HP: 12/12 MP: 3/3
     0 | D:1      | 0 ||| qw: Version: 0.3-a-158-g18b3111
     0 | D:1      | 0 ||| qw: Game counter: 4271
     0 | D:1      | 0 ||| qw: Melee chars always use a shield: true
     0 | D:1      | 0 ||| qw: God list: Okawaru
     0 | D:1      | 0 ||| qw: Allow faded altars: false
     0 | D:1      | 0 ||| qw: Do Orc after clearing Dungeon:15 true
     0 | D:1      | 0 ||| qw: Do second Lair branch before Depths: true
     0 | D:1      | 0 ||| qw: Lair rune preference: random
     0 | D:1      | 0 ||| qw: Goals: Normal
     0 | D:1      | 0 ||| PLANNING D:1-11
   180 | D:1      | Reached XP level 2. HP: 8/16 MP: 4/4
   257 | D:1      | Reached skill level 6 in Ranged Weapons
   276 | D:1      | Found a faded altar of an unknown god.
   477 | D:1      | Reached XP level 3. HP: 20/20 MP: 5/5
   784 | D:1      | 784 ||| UPGRADING to ring of resist corrosion.
   785 | D:1      | 785 ||| UPGRADING to ring of poison resistance.
   786 | D:1      | 786 ||| READING scroll labelled WALIKKAONO.
   787 | D:1      | 787 ||| READING scroll labelled TOKOFRUUFA.
   788 | D:1      | 788 ||| READING scroll labelled UNLERU UNAD.
   789 | D:1      | 789 ||| DROPPING scroll of butterflies.
   958 | D:2      | Reached skill level 7 in Ranged Weapons
  1268 | D:2      | 1268 ||| READING scroll of identify.
  1268 | D:2      | 1268 ||| IDENTIFYING 2 glowing golden potions
  1269 | D:2      | 1269 ||| READING scroll labelled CUNLI LECLA.
  1273 | D:2      | 1273 ||| READING scroll labelled XEIMNACZ ARHY.
  1274 | D:2      | 1274 ||| READING scroll labelled PYXOEN EWEDD.
  1306 | D:3      | Noticed Sigmund
  1310 | D:3      | HP: 3/20 [Sigmund/+0 scythe (8)]
  1311 | D:3      | HP: 1/20 [Sigmund/+0 scythe (3)]
  1314 | D:3      | Killed Sigmund
  1315 | D:3      | Reached skill level 9 in Ranged Weapons
  1315 | D:3      | Reached XP level 4. HP: 2/25 MP: 6/6
  1315 | D:3      | Reached XP level 5. HP: 2/29 MP: 7/7
  1559 | D:3      | HP: 5/29 [burnt (4)]
  1560 | D:3      | HP: 1/29 [burnt (4)]
  1561 | D:3      | Reached skill level 3 in Dodging
  1561 | D:3      | Reached XP level 6. HP: 2/34 MP: 8/8
  1561 | D:3      | Incinerated by a bombardier beetle

Levels and vault maps discovered:
D:1:      nagdon_arrival_zigzag_paths, layout_loops_ring,
          shapermc_ecumenical_altar_mp_ritualfount, minmay_liquid_box,
          reono_crystal_passage, amcnicky_mini_rare_corridor_liquid, st_stairs_8
D:2:      layout_basic, fountainhead
D:3:      layout_rooms, uniq_sigmund, uniq_crazy_yiuf_cottage, uniq_robin

Skill      XL: |  1  2  3  4  5 |
---------------+----------------+-----
Ranged Weapons | 6 9 |  9.2
Dodging        | 3 |  3.3
Fighting       | |  1.5
Stealth        | |  1.2

Action                     |  1- 3 |  4- 6 || total
---------------------------+-------+-------++-------
   Fire: Shortbow          |   125 |    35 ||   160
    Use: Scroll            |     7 |       ||     7
 Armour: Leather armour    |    20 |    12 ||    32
  Dodge: Dodged            |    39 |     8 ||    47

Table legend:
 A = Non-vault XP
 B = Vault XP
 C = Vault XP percentage of total XP
 D = Non-vault monster count
 E = Vault monster count
 F = Vault count percentage of total count
                 A         B        C        D         E       F
            +---------+---------+-------+---------+---------+-------
      Total |     161 |     224 |  58.2 |      59 |       2 |   3.3
            +---------+---------+-------+---------+---------+-------
        D:1 |      46 |       1 |   2.1 |      28 |       1 |   3.4
        D:2 |      45 |       0 |   0.0 |      18 |       0 |   0.0
        D:3 |      70 |     223 |  76.1 |      13 |       1 |   7.1
            +---------+---------+-------+---------+---------+-------
